 Dungeon Crawl Stone Soup version 0.29.1-1-gd02db6906a (webtiles) character file.

Game seed: 9602362119713099111

8 Doomgape the Ruffian (level 2, 0/23 HPs)
             Began as a Minotaur Transmuter on Sept 17, 2022.
             Frozen to death by an endoplasm (3 damage)
             ... on level 1 of the Dungeon.
             The game lasted 00:00:21 (45 turns).

Doomgape the Ruffian (Minotaur Transmuter)            Turns: 45, Time: 00:00:21

Health: 0/23       AC:  2    Str: 14    XL:     2   Next: 0%
Magic:  2/3        EV: 12    Int: 10    God:
Gold:   14         SH:  0    Dex: 10    Spells: 2/3 levels left

rFire   . . .      SeeInvis .     - Unarmed
rCold   . . .      Faith    .   (no shield)
rNeg    . . .      Spirit   .   a - +0 robe
rPois   .          Reflect  .   (helmet currently unavailable)
rElec   .          Harm     .   (no cloak)
rCorr   .          Rampage  .   (no gloves)
Will    .....                   (boots currently unavailable)
Stlth   +.........              (no amulet)
HPRegen 0.07/turn               (no ring)
MPRegen 0.08/turn               (no ring)

@: appendages
A: talons 2, horns 2, retaliatory headbutt
a: End Transformation


You were on level 1 of the Dungeon.
You had temporarily grown beastly talons.
You visited 1 branch of the dungeon, and saw 1 of its levels.

You collected 14 gold pieces.

Inventory:

Armour
 a - a +0 robe (worn)
Potions
 b - a potion of lignification


   Skills:
 - Level 1.2 Fighting
 - Level 2.1 Dodging
 + Level 3.9 Unarmed Combat
 - Level 1.3 Spellcasting
 - Level 1.5 Transmutations


You had 2 spell levels left.
You knew the following spells:

 Your Spells              Type           Power      Damage    Failure   Level
a - Beastly Appendage     Tmut           6%         N/A       19%         1

Your spell library contained the following spells:

 Spells                   Type           Power      Damage    Failure   Level
 Wereblood                Tmut           3%         N/A       26%         2
 Spider Form              Tmut/Pois      2%         N/A       58%         3
 Ice Form                 Ice/Tmut       2%         N/A       94%         4


Dungeon Overview and Level Annotations

Branches:
Dungeon (1/15)

Altars:


Innate Abilities, Weirdness & Mutations

You have temporarily grown beastly talons.
You have a pair of horns on your head.
You reflexively headbutt those who attack you in melee.


Message History

You hit the jackal.
You kill the jackal!
The jackal closely misses you.
You barely miss the jackal.
The jackal is almost dead.
The jackal bites you but does no damage.
You barely miss the jackal.
The jackal is almost dead.
The jackal misses you.
You hit the jackal.
You kill the jackal!
The jackal bites you.
You barely miss the jackal. The jackal barely misses you.
The endoplasm jiggles.
You hit the jackal.
The jackal is moderately wounded.
The jackal misses you.
You hit the jackal but do no damage. The jackal bites you.
The jackal closely misses you.
You hit the jackal.
The jackal is severely wounded.
The jackal bites you.
You barely miss the jackal.
The jackal is severely wounded.
The jackal bites you but does no damage.
You closely miss the jackal. You headbutt the jackal.
You kill the jackal!
The jackal bites you.
* * * LOW HITPOINT WARNING * * *
You closely miss the jackal. The jackal bites you.
* * * LOW HITPOINT WARNING * * *
You hit the jackal.
You kill the jackal!
You have reached level 2!
Casting: Beastly Appendage (safe; 19% risk of failure)
Confirm with . or Enter, or press ? or * to list all spells.
Your feet morph into talons.
The endoplasm freezes you.
You are frozen.
You die...

##...............##
#...#..#.<.#..#...#
##...............##
#....#.#.#.#...#..#
##.........:.#...##
#.....#....#.....!#
##.......#.......##
#......#..........#
##..............@##
..#.#.#.#.#.#.#.#J......
#.###############.#.....
# .. .... ... ... ....
.. ....# . ...##


You could see an endoplasm.

Vanquished Creatures
  4 jackals (D:1)
  2 quokkas (D:1)
6 creatures vanquished.

Notes
Turn   | Place    | Note
-------+----------+-------------------------------------------
     0 | D:1      | Doomgape the Minotaur Transmuter began the quest for the
                  | Orb.
     0 | D:1      | Reached XP level 1. HP: 16/16 MP: 1/1
    45 | D:1      | Reached XP level 2. HP: 3/23 MP: 3/3
    45 | D:1      | Frozen to death by an endoplasm

Illustrated notes

Levels and vault maps discovered:
D:1:      co_arrival_square_in_a_square_in_a_square, layout_rooms

Action                   || total
-------------------------++-------
Melee: Unarmed           ||    24
       Kick              ||     2
       Headbutt          ||     2
 Cast: Beastly Appendage ||     2
Armor: Robe              ||     6
Dodge: Dodged            ||    13
